TOP OF THE 1ST |
Mt Pleasant Bearcats batting - Pitching for Buffalo LightSabres : RHP Pat Monroe
|
Pitching: RHP Pat Monroe
|
|
Batting: RHB Jeffrey Hicks
|
0-0: Ball 1-0: Ground out 3-1 (Groundball, 34)
|
Batting: RHB Ichizo Akiyama
|
0-0: Swinging Strike 0-1: Called Strike 0-2: Ball 1-2: Ground out 5-3 (Groundball, 56)
|
Batting: RHB Pat Fernández
|
0-0: Swinging Strike 0-1: Foul Ball, location: 2F 0-2: Ball 1-2: Foul Ball, location: 2F 1-2: Strikes out swinging
|
Top of the 1st over - 0 run(s), 0 hit(s), 0 error(s), 0 left on base; Mt Pleasant 0 - Buffalo 0 |
BOTTOM OF THE 1ST |
Buffalo LightSabres batting - Pitching for Mt Pleasant Bearcats : LHP Glenn Fox
|
Pitching: LHP Glenn Fox
|
|
Batting: RHB Huub Stolk
|
0-0: Called Strike 0-1: Foul Ball, location: 2F 0-2: Strikes out looking
|
Batting: RHB Júlio López
|
0-0: Foul Ball, location: 2F 0-1: Ball 1-1: Ball 2-1: SINGLE (Groundball, 34D)
|
Batting: SHB Javier Jiménez
|
0-0: Ball 1-0: Called Strike 1-1: Ball 2-1: Ball 3-1: Called Strike 3-2: Strikes out looking Júlio López steals 2nd base Batter strikes out.
|
Batting: LHB Zack Payton
|
0-0: Called Strike 0-1: Ball 1-1: Called Strike 1-2: Strikes out swinging
|
Bottom of the 1st over - 0 run(s), 1 hit(s), 0 error(s), 1 left on base; Mt Pleasant 0 - Buffalo 0 |
TOP OF THE 2ND |
Mt Pleasant Bearcats batting - Pitching for Buffalo LightSabres : RHP Pat Monroe
|
Batting: RHB Jim Beck
|
0-0: Ball 1-0: Foul Ball, location: 2F 1-1: SINGLE (Line Drive, 89S)
|
Batting: RHB Ryosei Yamamoto
|
0-0: Ground out 4-3 (Groundball, 4S) Jim Beck to second
|
Batting: RHB Irving Galloway
|
0-0: Foul Ball, location: 2F 0-1: Ball 1-1: Foul Ball, location: 2F 1-2: Ball 2-2: Ground out 1-3 (Groundball, 13) Jim Beck to third
|
Batting: RHB Martín Pérez
|
0-0: Ball 1-0: Ground out 6-3 (Groundball, 6S)
|
Top of the 2nd over - 0 run(s), 1 hit(s), 0 error(s), 1 left on base; Mt Pleasant 0 - Buffalo 0 |
BOTTOM OF THE 2ND |
Buffalo LightSabres batting - Pitching for Mt Pleasant Bearcats : LHP Glenn Fox
|
Batting: RHB Armando Gusmán
|
0-0: Swinging Strike 0-1: Ball 1-1: Foul Ball, location: 2F 1-2: Ball 2-2: Foul Ball, location: 2F 2-2: Strikes out swinging
|
Batting: LHB Rob Davidson
|
0-0: Foul Ball, location: 2F 0-1: Swinging Strike 0-2: Strikes out swinging
|
Batting: RHB Alfredo Villegas
|
0-0: Ball 1-0: Ball 2-0: Called Strike 2-1: Fly out, F4 (Line Drive, 34D)
|
Bottom of the 2nd over - 0 run(s), 0 hit(s), 0 error(s), 0 left on base; Mt Pleasant 0 - Buffalo 0 |
TOP OF THE 3RD |
Mt Pleasant Bearcats batting - Pitching for Buffalo LightSabres : RHP Pat Monroe
|
Batting: RHB Carlos Luna
|
0-0: Called Strike 0-1: Swinging Strike 0-2: Fly out, F2 (Popup, 5S)
|
Batting: RHB Nicoli Turina
|
0-0: Fly out, F8 (Flyball, 8RS)
|
Batting: RHB Jeffrey Hicks
|
0-0: Foul Ball, location: 2F 0-1: Reached on error, E3 (Groundball, 34S)
|
Batting: RHB Ichizo Akiyama
|
0-0: Ball 1-0: Called Strike Jeffrey Hicks steals 2nd base 1-1: Foul Ball, location: 2F 1-2: Foul Ball, location: 2F 1-2: Strikes out swinging
|
Top of the 3rd over - 0 run(s), 0 hit(s), 1 error(s), 1 left on base; Mt Pleasant 0 - Buffalo 0 |
BOTTOM OF THE 3RD |
Buffalo LightSabres batting - Pitching for Mt Pleasant Bearcats : LHP Glenn Fox
|
Batting: RHB Mario Solís
|
0-0: Ball 1-0: Called Strike 1-1: Ball 2-1: SINGLE (Groundball, 6MD)
|
Batting: RHB Pedro Carranza
|
0-0: Ball 1-0: Foul Ball, location: 2F 1-1: Ball 2-1: Ball 3-1: Base on Balls Mario Solís to second
|
Batting: RHB Huub Stolk
|
0-0: Ball 1-0: Called Strike 1-1: Foul Ball, location: 2F 1-2: Fielders Choice at 2nd, 1-4 (Groundball, 15S) Mario Solís to third
|
Batting: RHB Júlio López
|
0-0: Called Strike 0-1: Ball 1-1: Ball 2-1: Foul Ball, location: 2F 2-2: Foul Ball, location: 2F 2-2: Foul Ball, location: 2F 2-2: Foul Ball, location: 2F 2-2: Foul Ball, location: 2F 2-2: Ball 3-2: Grounds into double play, 5-4-3 (Groundball, 56)
|
Bottom of the 3rd over - 0 run(s), 1 hit(s), 0 error(s), 1 left on base; Mt Pleasant 0 - Buffalo 0 |
TOP OF THE 4TH |
Mt Pleasant Bearcats batting - Pitching for Buffalo LightSabres : RHP Pat Monroe
|
Batting: RHB Pat Fernández
|
0-0: Ball 1-0: Foul Ball, location: 2F 1-1: Called Strike 1-2: Foul Ball, location: 2F 1-2: Ball 2-2: Ball 3-2: Fly out, F3 (Popup, 34)
|
Batting: RHB Jim Beck
|
0-0: Called Strike 0-1: SOLO HOME RUN (Flyball, 9D), Distance : 375 ft
|
Batting: RHB Ryosei Yamamoto
|
0-0: Ball 1-0: Called Strike 1-1: Swinging Strike 1-2: Foul Ball, location: 2F 1-2: Ball 2-2: Ball 3-2: Base on Balls
|
Batting: RHB Irving Galloway
|
0-0: Ball 1-0: Called Strike 1-1: Ball 2-1: Ball 3-1: SINGLE (Groundball, 56) (infield hit) Ryosei Yamamoto to second
|
Batting: RHB Martín Pérez
|
0-0: Ball 1-0: Swinging Strike 1-1: SINGLE (Line Drive, 7S) Ryosei Yamamoto to third Irving Galloway to second Runner from 3rd tries for Home, SAFE, no throw
|
Batting: RHB Carlos Luna
|
0-0: Ball 1-0: Called Strike 1-1: Fly out, F7 (Flyball, 7)
|
Batting: RHB Nicoli Turina
|
0-0: Ball 1-0: Ball 2-0: Foul Ball, location: 2F 2-1: Ball 3-1: Fly out, F8 (Flyball, 8RM)
|
Top of the 4th over - 2 run(s), 3 hit(s), 0 error(s), 2 left on base; Mt Pleasant 2 - Buffalo 0 |
BOTTOM OF THE 4TH |
Buffalo LightSabres batting - Pitching for Mt Pleasant Bearcats : LHP Glenn Fox
|
Batting: SHB Javier Jiménez
|
0-0: Foul Ball, location: 2F 0-1: Swinging Strike 0-2: Fly out, F7 (Flyball, 78S)
|
Batting: LHB Zack Payton
|
0-0: Foul Ball, location: 2F 0-1: Ball 1-1: Ball 2-1: Ball 3-1: Swinging Strike 3-2: Fly out, F8 (Flyball, 8RD)
|
Batting: RHB Armando Gusmán
|
0-0: Called Strike 0-1: Ball 1-1: Ball 2-1: Called Strike 2-2: Foul Ball, location: 2F 2-2: Strikes out swinging
|
Bottom of the 4th over - 0 run(s), 0 hit(s), 0 error(s), 0 left on base; Mt Pleasant 2 - Buffalo 0 |
TOP OF THE 5TH |
Mt Pleasant Bearcats batting - Pitching for Buffalo LightSabres : RHP Pat Monroe
|
Batting: RHB Jeffrey Hicks
|
0-0: Ball 1-0: Ball 2-0: Ball 3-0: Base on Balls
|
Batting: RHB Ichizo Akiyama
|
0-0: Ball 1-0: Ball 2-0: Fielders Choice at 2nd, 5-4 (Groundball, 56)
|
Batting: RHB Pat Fernández
|
0-0: Called Strike 0-1: Called Strike 0-2: Ball 1-2: Ball 2-2: Ball 3-2: Foul Ball, location: 2F 3-2: Strikes out looking Ichizo Akiyama is caught stealing 2nd base Batter strikes out.
|
Top of the 5th over - 0 run(s), 0 hit(s), 0 error(s), 0 left on base; Mt Pleasant 2 - Buffalo 0 |
BOTTOM OF THE 5TH |
Buffalo LightSabres batting - Pitching for Mt Pleasant Bearcats : LHP Glenn Fox
|
Batting: LHB Rob Davidson
|
0-0: Ball 1-0: Ball 2-0: Ball 3-0: Called Strike 3-1: Base on Balls
|
Batting: RHB Alfredo Villegas
|
0-0: Ball 1-0: Ball Rob Davidson steals 2nd base 2-0: Swinging Strike 2-1: SINGLE (Groundball, 6D) Rob Davidson to third Runner from 3rd tries for Home, SAFE, no throw
|
Batting: RHB Mario Solís
|
0-0: Foul Ball, location: 2F 0-1: Foul Ball, location: 2F 0-2: Strikes out swinging
|
Batting: RHB Pedro Carranza
|
0-0: Ball 1-0: Fly out, F7 (Flyball, 7)
|
Batting: RHB Huub Stolk
|
0-0: Called Strike 0-1: Ball 1-1: Ball Alfredo Villegas steals 2nd base 2-1: Foul Ball, location: 2F 2-2: Ground out 4-3 (Groundball, 34)
|
Bottom of the 5th over - 1 run(s), 1 hit(s), 0 error(s), 1 left on base; Mt Pleasant 2 - Buffalo 1 |
TOP OF THE 6TH |
Mt Pleasant Bearcats batting - Pitching for Buffalo LightSabres : RHP Pat Monroe
|
Batting: RHB Jim Beck
|
0-0: Called Strike 0-1: Ball 1-1: Foul Ball, location: 2F 1-2: Fly out, F4 (Popup, 4MD)
|
Batting: RHB Ryosei Yamamoto
|
0-0: Called Strike 0-1: Ball 1-1: Ball 2-1: Called Strike 2-2: Foul Ball, location: 2F 2-2: Foul Ball, location: 2F 2-2: Ball 3-2: Foul Ball, location: 2F 3-2: Strikes out looking
|
Batting: RHB Irving Galloway
|
0-0: Called Strike 0-1: Ball 1-1: SINGLE (Groundball, 34D)
|
Pitching: RHP Ángel Uribe
|
|
Batting: RHB Martín Pérez
|
0-0: Ball 1-0: SINGLE (Line Drive, 6D) Irving Galloway to second
|
Batting: RHB Carlos Luna
|
0-0: Foul Ball, location: 2F 0-1: Ball 1-1: Fly out, F4 (Line Drive, 34)
|
Top of the 6th over - 0 run(s), 2 hit(s), 0 error(s), 2 left on base; Mt Pleasant 2 - Buffalo 1 |
BOTTOM OF THE 6TH |
Buffalo LightSabres batting - Pitching for Mt Pleasant Bearcats : LHP Glenn Fox
|
Batting: RHB Júlio López
|
0-0: Foul Ball, location: 2F 0-1: Ground out 3-1 (Groundball, 34)
|
Batting: SHB Javier Jiménez
|
0-0: Foul Ball, location: 2F 0-1: Called Strike 0-2: Ball 1-2: Strikes out swinging
|
Batting: LHB Zack Payton
|
0-0: Ball 1-0: Ground out 4-3 (Groundball, 4)
|
Bottom of the 6th over - 0 run(s), 0 hit(s), 0 error(s), 0 left on base; Mt Pleasant 2 - Buffalo 1 |
TOP OF THE 7TH |
Mt Pleasant Bearcats batting - Pitching for Buffalo LightSabres : RHP Ángel Uribe
|
Batting: RHB Nicoli Turina
|
0-0: Ball 1-0: Called Strike 1-1: Foul Ball, location: 2F 1-2: Strikes out swinging
|
Batting: RHB Jeffrey Hicks
|
0-0: Foul Ball, location: 2F 0-1: Swinging Strike 0-2: Ball 1-2: Strikes out looking
|
Batting: RHB Ichizo Akiyama
|
0-0: Foul Ball, location: 2F 0-1: Fly out, F5 (Popup, 5L)
|
Top of the 7th over - 0 run(s), 0 hit(s), 0 error(s), 0 left on base; Mt Pleasant 2 - Buffalo 1 |
BOTTOM OF THE 7TH |
Buffalo LightSabres batting - Pitching for Mt Pleasant Bearcats : LHP Glenn Fox
|
Pitching: RHP Mike Horton
|
|
Batting: RHB Armando Gusmán
|
0-0: Swinging Strike 0-1: Foul Ball, location: 2F 0-2: Strikes out swinging
|
Pitching: LHP Bob Quested
|
|
Batting: LHB Rob Davidson
|
0-0: Called Strike 0-1: Swinging Strike 0-2: Strikes out swinging
|
Pitching: LHP Israel Polanco
|
|
Batting: RHB Alfredo Villegas
|
0-0: Foul Ball, location: 2F 0-1: Ball 1-1: Ground out 5-3 (Groundball, 56S)
|
Bottom of the 7th over - 0 run(s), 0 hit(s), 0 error(s), 0 left on base; Mt Pleasant 2 - Buffalo 1 |
TOP OF THE 8TH |
Mt Pleasant Bearcats batting - Pitching for Buffalo LightSabres : RHP Ángel Uribe
|
Batting: RHB Pat Fernández
|
0-0: Ball 1-0: Foul Ball, location: 2F 1-1: Called Strike 1-2: Ball 2-2: Strikes out swinging
|
Batting: RHB Jim Beck
|
0-0: Swinging Strike 0-1: SINGLE (Line Drive, 6M)
|
Batting: RHB Ryosei Yamamoto
|
0-0: Called Strike 0-1: Ball 1-1: Foul Ball, location: 2F 1-2: Ball 2-2: SINGLE (Groundball, 34D) Jim Beck to second Runner from 2nd tries for 3rd, SAFE, throw made to third
|
Pinch Hitting: LHB Colm Massey
|
0-0: Called Strike 0-1: Fly out, F4 (Popup, 34)
|
Pinch Hitting: SHB William Hamilton
|
0-0: Called Strike 0-1: Ball 1-1: Ball 2-1: Called Strike 2-2: Fielders Choice at 2nd, 4-6 (Groundball, 4)
|
Top of the 8th over - 0 run(s), 2 hit(s), 0 error(s), 1 left on base; Mt Pleasant 2 - Buffalo 1 |
BOTTOM OF THE 8TH |
Buffalo LightSabres batting - Pitching for Mt Pleasant Bearcats : LHP Israel Polanco
|
Pitching: RHP Sancho Mendoza
|
|
Now at 2B: Roberto Martínez
|
|
Now at 3B: Colm Massey
|
|
Batting: RHB Mario Solís
|
0-0: Ground out 4-3 (Groundball, 4D)
|
Batting: RHB Pedro Carranza
|
0-0: Called Strike 0-1: Ball 1-1: Foul Ball, location: 2F 1-2: Ball 2-2: Fly out, F3 (Popup, 3)
|
Batting: RHB Huub Stolk
|
0-0: Called Strike 0-1: Ball 1-1: Called Strike 1-2: Fly out, F3 (Line Drive, 34)
|
Bottom of the 8th over - 0 run(s), 0 hit(s), 0 error(s), 0 left on base; Mt Pleasant 2 - Buffalo 1 |
TOP OF THE 9TH |
Mt Pleasant Bearcats batting - Pitching for Buffalo LightSabres : RHP Ángel Uribe
|
Pitching: RHP Gavin Robbins
|
|
Batting: RHB Carlos Luna
|
0-0: Ball 1-0: Ball 2-0: Ball 3-0: Base on Balls
|
Pinch Hitting: RHB Chris Jones
|
0-0: Ball 1-0: Sac Bunt - play at first, batter OUT! U3 Carlos Luna to second
|
Batting: RHB Jeffrey Hicks
|
0-0: Ball 1-0: Called Strike 1-1: Ball 2-1: Foul Ball, location: 2F 2-2: Fly out, F9 (Line Drive, 89M)
|
Batting: RHB Ichizo Akiyama
|
0-0: Called Strike 0-1: Ball 1-1: Ball 2-1: SINGLE (Line Drive, 56D) Carlos Luna to third Runner from 3rd tries for Home, SAFE, no throw
|
Batting: RHB Pat Fernández
|
0-0: Ball 1-0: Called Strike 1-1: Ball 2-1: Ball 3-1: Base on Balls Ichizo Akiyama to second
|
Batting: RHB Jim Beck
|
0-0: Swinging Strike 0-1: Called Strike 0-2: Ball 1-2: Strikes out swinging
|
Top of the 9th over - 1 run(s), 1 hit(s), 0 error(s), 2 left on base; Mt Pleasant 3 - Buffalo 1 |
BOTTOM OF THE 9TH |
Buffalo LightSabres batting - Pitching for Mt Pleasant Bearcats : RHP Sancho Mendoza
|
Pitching: RHP Bill Sampson
|
|
Now at C: Chris Jones
|
|
Now at 1B: Yasutoki Kojima
|
|
Batting: RHB Júlio López
|
0-0: Ground out 3-1 (Groundball, 34S)
|
Batting: SHB Javier Jiménez
|
0-0: Ball 1-0: Called Strike 1-1: Swinging Strike 1-2: Fly out, F9 (Flyball, 9S)
|
Batting: LHB Zack Payton
|
0-0: Ball 1-0: Called Strike 1-1: Ball 2-1: Called Strike 2-2: Foul Ball, location: 2F 2-2: Fly out, F7 (Flyball, 7)
|
Bottom of the 9th over - 0 run(s), 0 hit(s), 0 error(s), 0 left on base; Mt Pleasant 3 - Buffalo 1 |
|